 Dungeon Crawl Stone Soup version 0.26.1-2-gb8aa6d0cf2 (webtiles) character file.

Game seed: 4824381096093810034

100 Acheron the Chopper (level 4, -4/27 HPs)
             Began as a Gargoyle Gladiator on Mar 4, 2021.
             Killed from afar by an orc wizard (13 damage)
             ... with a puff of flame
             ... on level 3 of the Dungeon.
             The game lasted 00:04:27 (1471 turns).

Acheron the Chopper (Gargoyle Gladiator)            Turns: 1471, Time: 00:04:27

Health: -4/27      AC:  8    Str: 18    XL:     4   Next: 74%
Magic:  5/5        EV: 12    Int:  8    God:
Gold:   98         SH:  0    Dex: 12    Spells: 5/5 levels left

rFire    . . .     SeeInvis .   a - +0 war axe
rCold    . . .     Faith    .   (no shield)
rNeg     + . .     Spirit   .   b - +0 leather armour
rPois    ∞         Reflect  .   c - +0 helmet
rElec    +         Harm     .   j - scarf {shadows}
rCorr    .         Rampage  .   o - +0 pair of gloves
Will     .....                  (no boots)
Stlth    ++........             (no amulet)
HPRegen  0.09/turn              (no ring)
MPRegen  0.09/turn              (no ring)

@: no status effects
A: negative energy resistance 1, electricity resistance, unbreathing,
petrification resistance, miasma immunity, AC +3
a: no special abilities


You were on level 3 of the Dungeon.
You visited 1 branch of the dungeon, and saw 3 of its levels.

You collected 98 gold pieces.

Inventory:

Hand Weapons
 a - a +0 war axe (weapon)
Missiles
 d - 3 throwing nets (quivered)
 f - 6 curare-tipped darts
 k - 19 sling bullets
 q - 46 stones
Armour
 b - a +0 leather armour (worn)
 c - a +0 helmet (worn)
 j - a scarf of shadows (worn)
 o - a +0 pair of gloves (worn)
Jewellery
 e - a cursed -4 ring of strength {unknown}
 u - a +4 ring of protection {unknown}
Scrolls
 l - 3 scrolls of identify {unknown}
 n - 3 scrolls of magic mapping {unknown}
 p - a scroll of random uselessness {unknown}
 r - a scroll of immolation {unknown}
 t - a scroll of fear {unknown}
Potions
 g - 2 potions of magic {unknown}
 h - a potion of attraction {unknown}
 i - a potion of lignification {unknown}
 m - a potion of degeneration {unknown}
 s - 2 potions of heal wounds {unknown}
 v - a potion of resistance {unknown}


   Skills:
 * Level 2.8 Fighting
 + Level 3.2 Axes
 * Level 2.1 Throwing
 * Level 0.6 Armour
 * Level 2.8 Dodging
 * Level 2.0 Stealth
 * Level 1.1 Spellcasting


You had 5 spell levels left.
You didn't know any spells.
Your spell library was empty.

Dungeon Overview and Level Annotations

Branches:
Dungeon (3/15)

Altars:
Okawaru


Innate Abilities, Weirdness & Mutations

You are resistant to torment.
Your stone body is resilient. (AC +3)
You are immune to poison.
You resist negative energy. (rN+)
You are resistant to electric shocks. (rElec)
You can survive without breathing.
You are immune to petrification.
You are immune to miasma.


Message History

Your Stealth skill increases to level 2!
The orc wizard closely misses you.
The orc wizard hits you but does no damage. x2
You closely miss the orc wizard.
The orc wizard hits you but does no damage.
The orc wizard hits you with a +0 dagger.
You miss the orc wizard.
The orc wizard hits you but does no damage.
The orc wizard barely misses you.
You hit the orc wizard.
The orc wizard is moderately wounded.
The orc wizard points at you and mumbles some strange words.
The puff of frost hits you.
The orc wizard hits you but does no damage.
You barely miss the orc wizard.
The orc wizard is moderately wounded.
The orc wizard hits you but does no damage.
The orc wizard gestures at you while chanting.
The puff of flame hits you!
You die...

#.# #.#. ####.#### #.#.
#. .##.......# #.#. ..
.##.......# #.#. ..
.##.......# #.#. #.
.##.......# #.#.
##.##.#####.######.#.
#.....#............#.
#...@.#.###.#...####.
######o.##.#............
.....))....#.#.#....###^
.....##.............# #.
..... #..###...#.#### #.
.... ##.........#### #.
... #.##............. .
#.##.##.######### #.##.
#.#.#


You could see an orc wizard (fast).

Vanquished Creatures
  An orc priest (D:3)
  An adder (D:2)
  2 oozes
  A dart slug (D:1)
  A leopard gecko (D:1)
  3 orcs (D:3)
  3 giant cockroaches
  5 goblins
  7 hobgoblins
  A quokka (D:2)
  7 bats
  3 frilled lizards
  5 kobolds
  9 rats
49 creatures vanquished.

Notes
Turn   | Place    | Note
-------+----------+-------------------------------------------
     0 | D:1      | Acheron the Gargoyle Gladiator began the quest for the Orb.
     0 | D:1      | Reached XP level 1. HP: 12/12 MP: 1/1
   119 | D:1      | Reached XP level 2. HP: 16/17 MP: 2/2
   153 | D:1      | Reached skill level 1 in Stealth
   258 | D:1      | Reached XP level 3. HP: 22/22 MP: 3/3
   723 | D:1      | Found an iron altar of Okawaru.
  1221 | D:2      | Reached skill level 3 in Axes
  1221 | D:2      | Reached XP level 4. HP: 25/27 MP: 5/5
  1464 | D:3      | Reached skill level 1 in Spellcasting
  1471 | D:3      | Killed from afar by an orc wizard

Illustrated notes

Levels and vault maps discovered:
D:1:      sevenhm_arrival_forest_fort_small_6, layout_basic
D:2:      layout_basic
D:3:      layout_basic, nicolae_overflow_crystal_walls

Skill      XL: |  1  2  3  4 |
---------------+-------------+-----
Stealth        | 1 2 |  2.0
Throwing       | 2 |  2.1
Axes           | 3 |  3.2
Spellcasting   | 1 |  1.1
Fighting       | |  2.8
Armour         | |  0.6
Dodging        | |  2.8

Action                   |  1- 3 |  4- 6 || total
-------------------------+-------+-------++-------
Melee: War axe           |    96 |    27 ||   123
 Stab: Sleeping          |     2 |     1 ||     3
Armor: Leather armour    |    44 |    18 ||    62
Dodge: Dodged            |    93 |    11 ||   104
